 Dungeon Crawl Stone Soup version 0.21.0-34-g9234887 (webtiles) character file.

17 tidbits the Insei (level 2, 5/23 HPs)
             Began as a Gnoll Transmuter on Jan 30, 2018.
             Quit the game on level 3 of the Dungeon.
             The game lasted 00:01:32 (87 turns).

tidbits the Insei (Gnoll Transmuter)                  Turns: 87, Time: 00:01:32

Health: 5/23       AC:  2    Str: 12    XL:     2   Next: 62%
Magic:  6/7        EV: 14    Int: 20    God:
Gold:   0          SH:  0    Dex: 15    Spells: 9/10 levels left

rFire    . . .     SeeInvis .     - Unarmed
rCold    . . .     Gourm    .   (no shield)
rNeg     . . .     Faith    .   b - +0 robe
rPois    .         Spirit   .   (no helmet)
rElec    .         Reflect  .   (no cloak)
rCorr    .         Harm     .   (no gloves)
MR       .....                  (boots currently unavailable)
Stlth    ++........             (no amulet)
HPRegen  0.07/turn              (no ring)
MPRegen  0.10/turn              (no ring)

@: brilliant, lethally poisoned (5 -> -6), appendage
A: distributed training, fangs 1, talons 3, strong nose
a: End Transformation


You were on level 3 of the Dungeon.
You were not hungry.
You had grown temporary talons.
You visited 1 branch of the dungeon, and saw 3 of its levels.

Inventory:

Missiles
 a - 12 arrows
 f - a throwing net (quivered) {!f}
Armour
 b - a +0 robe (worn)
Scrolls
 g - 2 scrolls of identify {unknown}
Books
 c - a book of Changes

   Spells                             Type                      Level
   a - Beastly Appendage              Transmutation                1
   b - Sticks to Snakes               Transmutation                2
   c - Spider Form                    Transmutation/Poison         3
   d - Ice Form                       Ice/Transmutation            4
   e - Blade Hands                    Transmutation                5
Comestibles
 d - 2 rations


   Skills:
 + Level 2.5 Fighting
 + Level 0.4 Short Blades
 + Level 0.4 Long Blades
 + Level 0.4 Axes
 + Level 0.4 Maces & Flails
 + Level 0.4 Polearms
 + Level 0.4 Staves
 + Level 0.4 Slings
 + Level 0.4 Bows
 + Level 0.4 Crossbows
 + Level 0.4 Throwing
 + Level 0.4 Armour
 + Level 4.5 Dodging
 + Level 0.4 Stealth
 + Level 0.4 Shields
 + Level 6.5 Unarmed Combat
 + Level 4.9 Spellcasting
 + Level 0.2 Conjurations
 + Level 0.2 Hexes
 + Level 0.2 Charms
 + Level 0.2 Summonings
 + Level 0.2 Necromancy
 + Level 0.2 Translocations
 + Level 3.7 Transmutations
 + Level 0.2 Fire Magic
 + Level 0.2 Ice Magic
 + Level 0.2 Air Magic
 + Level 0.2 Earth Magic
 + Level 0.2 Poison Magic
 + Level 0.5 Invocations
 + Level 0.4 Evocations


You had 9 spell levels left.
You knew the following spells:

 Your Spells              Type           Power        Failure   Level  Hunger
e - Beastly Appendage     Tmut           ####..       1%          1    None


Dungeon Overview and Level Annotations

Branches:
Dungeon (3/15)

Altars:


Innate Abilities, Weirdness & Mutations

Your experience applies equally to all skills.
You have very sharp teeth.
Your uncanny sense of smell can sniff out nearby items.
You have claws for feet.


Message History

The frilled lizard hisses angrily.
Your transformation is almost over.
There is a stone staircase leading down here.
Unknown command.
You climb downwards. 2 orcs come into view.
There is a stone staircase leading up here.
An orc comes into view. It is wielding a mace.
The orc shouts! x3
The orc throws a silver tomahawk.
The silver tomahawk closely misses you.
You hear a shout!
A hobgoblin, a kobold and an orc come into view.
The kobold is wielding a short sword of venom.
An orc comes into view. It is wielding a mace.
The orc shouts!
The hobgoblin shouts!
You hear a shout!
The orc throws a silver tomahawk.
The silver tomahawk barely misses you.
Found 30 bolts.
The orc throws a silver tomahawk.
The silver tomahawk hits you. The silver sears you!
You see here a silver tomahawk.
Your talons disappear.
Casting: Beastly Appendage
Confirm with . or Enter, or press ? or * to list all spells.
Your feet morph into talons.
You barely miss the orc. You bite the orc, but do no damage.
The orc misses you.
You hit the orc. Your kick misses the orc.
The orc is severely wounded.
You barely miss the orc.
The orc is severely wounded.
The orc completely misses you.
You hit the orc.
The orc is almost dead.
The orc misses you.
You closely miss the orc. You claw the orc, but do no damage.
The orc is almost dead.
The orc completely misses you.
You hit the orc.
You kill the orc!
You barely miss the hobgoblin. Your kick misses the hobgoblin.
The hobgoblin closely misses you.
You closely miss the hobgoblin. The hobgoblin hits you with a club.
You hit the hobgoblin.
You kill the hobgoblin!
You have reached level 2!
You barely miss the orc. The orc hits you with a war axe.
You hit the orc. Your kick misses the orc.
The orc is heavily wounded.
You punch the orc!
You kill the orc!
You punch the orc! Your kick misses the orc.
The orc is almost dead.
The orc completely misses you.
You punch the orc!
You kill the orc!
You hit the orc. You claw the orc.
The orc is almost dead.
The orc completely misses you.
You hit the orc.
You kill the orc!
You hit the orc.
You kill the orc!
Casting: Beastly Appendage
Confirm with . or Enter, or press ? or * to list all spells.
You extend your transformation's duration.
You hit the kobold.
The kobold is heavily wounded.
The kobold closely misses you.
You closely miss the kobold. Your bite misses the kobold.
The kobold is heavily wounded.
The kobold hits you with a short sword of venom.
* * * LOW HITPOINT WARNING * * *
You are lethally poisoned!
You closely miss the kobold.
The kobold is heavily wounded.
* * * LOW HITPOINT WARNING * * *
You feel sick. The kobold completely misses you.
You hit the kobold.
You kill the kobold!
* * * LOW HITPOINT WARNING * * *
You feel sick.
It was a potion of brilliance.
You feel clever all of a sudden.
* * * LOW HITPOINT WARNING * * *
You feel sick.
* * * LOW HITPOINT WARNING * * *
You feel sick.
Items here: ( )))))) [ †† Unknown command.
You aren't carrying any potions.
Unknown command.
Okay, then.
Are you sure you want to abandon this character and quit the game? (Confirm with "yes".)
Okay, then.
Okay, then.
Unknown command.
Are you sure you want to abandon this character and quit the game? (Confirm with "yes".)
Okay, then.
You aren't carrying any potions.
Are you sure you want to abandon this character and quit the game? (Confirm with "yes".)

..o.(.. ..K.....#
.K.oog...#
.........#
.........#
.........#
........o##########
.......o..(.......#
.........#######@##
###...<(# #.#
####### #.# #.# ..#
###


There were no monsters in sight!

Vanquished Creatures
  5 orcs (D:3)
  A bat (D:2)
  2 hobgoblins
  A kobold (D:3)
  A ball python (D:2)
  A goblin (D:2)
11 creatures vanquished.

Notes
Turn   | Place    | Note
-------+----------+-------------------------------------------
     0 | D:1      | tidbits the Gnoll Transmuter began the quest for the Orb.
     0 | D:1      | Reached XP level 1. HP: 17/17 MP: 6/6
    71 | D:3      | Reached XP level 2. HP: 16/23 MP: 7/7
    87 | D:3      | Quit the game

Action                   || total
-------------------------++-------
Melee: Unarmed           ||    25
       Kick              ||     4
       Bite              ||     1
 Cast: Beastly Appendage ||     4
  Use: Potion            ||     1
Dodge: Dodged            ||    11

Table legend:
 A = Turns spent in this place as a percentage of turns spent in the entire game.
 B = Non-inter-level travel turns spent in this place as a percentage of non-inter-level travel turns spent in the entire game.
 C = Inter-level travel turns spent in this place as a percentage of turns spent in this place.
 D = Turns resting spent in this place as a percentage of non-inter-level travel turns spent in this place.
 E = Turns spent auto-exploring this place as a percentage of non-inter-level travel turns spent in this place.
 F = Non-inter-level travel turns spent in this place divided by the number of levels of this place that you've seen.
                   A       B       C       D       E      F
               +-------+-------+-------+-------+-------+----------------------
         Total | 100.0 | 100.0 |   0.0 |   0.0 |   0.0 |  29.0
       Dungeon | 100.0 | 100.0 |   0.0 |   0.0 |   0.0 |  29.0
               +-------+-------+-------+-------+-------+----------------------

Table legend:
 A = Kills in this place as a percentage of kills in entire the game.
 B = Kills by you in this place as a percentage of kills by you in the entire game.
 C = Kills by friends in this place as a percentage of kills by friends in the entire game.
 D = Other kills in this place as a percentage of other kills in the entire game.
 E = Experience gained in this place as a percentage of experience gained in the entire game.
 F = Experience gained in this place divided by the number of levels of this place that you have seen.
                   A       B       C       D       E      F
               +-------+-------+-------+-------+-------+----------------------
         Total | 100.0 | 100.0 |   N/A |   N/A | 100.0 |   8.3
       Dungeon | 100.0 | 100.0 |   N/A |   N/A | 100.0 |   8.3
               +-------+-------+-------+-------+-------+----------------------

Vault maps used:
D:1:      lemuel_arrival_river_ford
D:2:      uniq_natasha
D:3:      gammafunk_temple_overflow_elements, first_ration
